 Dungeon Crawl Stone Soup version 0.23-a0-612-gcb482e9 (webtiles) character file.

79 Borgoz the Skirmisher (level 4, 0/40 HPs)
             Began as a Ghoul Abyssal Knight on Dec 22, 2018.
             Was a Follower of Lugonu.
             Killed from afar by Natasha (6 damage)
             ... with a magic dart
             ... on level 2 of the Dungeon.
             The game lasted 00:02:12 (1453 turns).

Borgoz the Skirmisher (Ghoul Abyssal Knight)        Turns: 1453, Time: 00:02:12

Health: 0/40       AC:  5    Str: 15    XL:     4   Next: 37%
Magic:  4/5        EV: 11    Int:  7    God:    Lugonu [*.....]
Gold:   101        SH:  0    Dex:  9    Spells: 3/3 levels left

rFire    . . .     SeeInvis .   a - +1 hand axe
rCold    + . .     Gourm    .   (no shield)
rNeg     + + +     Faith    .   b - +0 leather armour
rPois    ∞         Spirit   .   (no helmet)
rElec    .         Reflect  .   e - +0 cloak
rCorr    .         Harm     .   j - +0 pair of gloves
MR       .....                  (no boots)
Stlth    +.........             (no amulet)
HPRegen  0.00/turn              (no ring)
MPRegen  0.09/turn              (no ring)

@: very slightly contaminated, rotting, hasted and slowed
A: rotting body, claws 1, carnivore, cold resistance 1, negative energy
resistance 3, inhibited regeneration, torment resistance, unbreathing
a: Depart the Abyss, Renounce Religion


You were on level 2 of the Dungeon.
You worshipped Lugonu.
Lugonu was aware of your devotion.
You were not hungry.

You visited 1 branch of the dungeon, and saw 2 of its levels.
You visited the Abyss 1 time.

You collected 101 gold pieces.

Inventory:

Hand Weapons
 a - a +1 hand axe (weapon)
Armour
 b - a +0 leather armour (worn)
 e - a +0 cloak (worn)
 j - a +0 pair of gloves (worn)
Scrolls
 f - a scroll of enchant armour {unknown}
 h - a scroll of amnesia {unknown}
 k - a scroll of remove curse {unknown}
 l - a scroll of identify {unknown}
Comestibles
 c - 3 rations
 g - 5 chunks of flesh


   Skills:
 + Level 3.8 Fighting
 + Level 2.3 Axes
 + Level 2.3 Armour
 + Level 1.7 Dodging
 + Level 2.8 Invocations


You had 3 spell levels left.
You didn't know any spells.
Your spell library was empty.

Dungeon Overview and Level Annotations

Branches:
Dungeon (2/15)

Altars:

Annotations:
D:2 Natasha, Terence


Innate Abilities, Weirdness & Mutations

Your body is rotting away.
You thrive on raw meat.
You are immune to poison.
You have sharp fingernails.
You are carnivorous and can eat meat at any time.
Your flesh is cold resistant. (rC+)
You are immune to negative energy. (rN+++)
You do not regenerate when monsters are visible.
You are immune to unholy pain and torment.
You can survive without breathing.


Message History

The jackal bites you but does no damage.
You aren't carrying any potions.
Blink to where?
Press: ? - help, Dir - move target cursor You are very lightly contaminated with residual magic.
As you read the scroll labeled QISINGO YGEQ, it crumbles to dust.
It was a scroll of blinking.
Natasha, Servant of Life and Death comes into view.
Natasha hisses angrily.
Natasha stares at you and mumbles some strange words.
You feel as though you will be slow longer.
Natasha barely misses you. Natasha claws you.
* * * LOW HITPOINT WARNING * * *
You miss Natasha. Natasha barely misses you.
You slash Natasha!
Natasha is heavily wounded.
Natasha casts a spell at you. The magic dart hits you!
You die...

####.### #......# .....
#......# .... #......#
...# ####.### #. ... #
#.#######.# .. .##
#.#.....#.###.######..#
#.#.....#.....##......#
#.#.........@###......#
#.(.........h.........#
###(.).......###@h...###
#..÷.......##.........
#..........##......###
#..........##.######
######.....##.#
#.....##@# #.....##.#


You could see Terence, Natasha and a jackal.

Vanquished Creatures
  Natasha (D:2)
  2 dart slugs (D:2)
  2 leopard geckos (D:1)
  3 ball pythons
  2 bats
  3 goblins (D:1)
  6 hobgoblins
  7 jackals (D:2)
  7 kobolds
  A quokka (D:2)
  4 frilled lizards
  4 rats
42 creatures vanquished.

Notes
Turn   | Place    | Note
-------+----------+-------------------------------------------
     0 | Abyss:1  | Borgoz the Ghoul Abyssal Knight began the quest for the
                  | Orb.
     0 | Abyss:1  | Reached XP level 1. HP: 19/19 MP: 1/1
    37 | Abyss:1  | Noticed a small abomination
    38 | Abyss:1  | Noticed a neqoxec
    40 | D:1      | Escaped the Abyss
    56 | D:1      | Reached skill level 1 in Dodging
    89 | D:1      | Reached XP level 2. HP: 26/26 MP: 2/2
   136 | D:1      | Reached * piety under Lugonu
   211 | D:1      | HP: 1/26 [kobold/+0 short sword (5)]
   641 | D:1      | Reached XP level 3. HP: 18/31 MP: 3/3
  1412 | D:2      | Noticed Natasha
  1440 | D:2      | Noticed Terence
  1443 | D:2      | Killed Natasha
  1443 | D:2      | Reached XP level 4. HP: 18/40 MP: 3/5
  1447 | D:2      | Noticed Natasha
  1453 | D:2      | Killed from afar by Natasha

Vault maps used:
D:1:      scummos_arrival_star, minmay_misc_feat_enclosed, minmay_misc_feat_x
D:2:      nicolae_overflow_crystal_walls, gammafunk_temple_overflow_elements,
          uniq_terence, uniq_natasha
Abyss:1:  evilmike_abyss_exit_glass

Skill      XL: |  1  2 |
---------------+-------+-----
Dodging        | 1 |  1.7
Axes           | 2 |  2.3
Armour         | 2 |  2.3
Fighting       | |  3.8
Invocations    | |  2.8

Action                   |  1- 3 |  4- 6 || total
-------------------------+-------+-------++-------
Melee: Hand axe          |   139 |     4 ||   143
Invok: Depart the Abyss  |     1 |       ||     1
  Use: Scroll            |       |     1 ||     1
       Potion            |       |     1 ||     1
  Eat: Chunk             |     9 |       ||     9
Armor: Leather armour    |    44 |     6 ||    50
Dodge: Dodged            |    90 |     6 ||    96

Table legend:
 A = Non-vault XP
 B = Vault XP
 C = Vault XP percentage of total XP
 D = Non-vault monster count
 E = Vault monster count
 F = Vault count percentage of total count
                 A         B        C        D         E       F
            +---------+---------+-------+---------+---------+-------
      Total |      76 |      37 |  32.7 |      41 |       1 |   2.4
            +---------+---------+-------+---------+---------+-------
        D:1 |      40 |       0 |   0.0 |      23 |       0 |   0.0
        D:2 |      36 |      37 |  50.7 |      18 |       1 |   5.3
            +---------+---------+-------+---------+---------+-------
